 Dungeon Crawl Stone Soup version 0.27.0-1-g7a089689b8 (webtiles) character file.

Game seed: 8956830180287558914

43 Spaninq the Skirmisher (level 3, -3/24 HPs)
             Began as a Gargoyle Fighter on July 31, 2021.
             Slain by Terence (7 damage)
             ... on level 2 of the Dungeon.
             The game lasted 00:03:16 (1041 turns).

Spaninq the Skirmisher (Gargoyle Fighter)           Turns: 1041, Time: 00:03:16

Health: -3/24      AC: 11    Str: 20    XL:     3   Next: 58%
Magic:  3/3        EV:  7    Int:  8    God:
Gold:   85         SH:  9    Dex:  9    Spells: 2/2 levels left

rFire    . . .     SeeInvis .   h - +2 whip (holy)
rCold    . . .     Faith    .   c - +0 kite shield
rNeg     + . .     Spirit   .   b - +0 scale mail
rPois    ∞         Reflect  .   (no helmet)
rElec    +         Harm     .   (no cloak)
rCorr    .         Rampage  .   (no gloves)
Will     .....                  g - +0 pair of boots
Stlth    ..........             (no amulet)
HPRegen  0.08/turn              (no ring)
MPRegen  0.08/turn              (no ring)

@: no status effects
A: sickness immunity, AC +3, negative energy resistance 1, electricity
resistance, torment resistance 1, petrification resistance
a: no special abilities


You were on level 2 of the Dungeon.
You visited 1 branch of the dungeon, and saw 2 of its levels.

You collected 85 gold pieces.

Inventory:

Hand Weapons
 a - a +0 flail
 h - a +2 whip of holy wrath (weapon)
Armour
 b - a +0 scale mail (worn)
 c - a +0 kite shield (worn)
 g - a +0 pair of boots (worn)
Wands
 k - a wand of polymorph (9)
Scrolls
 e - a scroll of immolation {unknown}
 f - 2 scrolls of identify {unknown}
 j - a scroll of teleportation {unknown}
Potions
 d - a potion of might
 i - a potion of mutation {unknown}


   Skills:
 + Level 3.6 Fighting
 * Level 2.8 Maces & Flails
 + Level 3.6 Armour
 + Level 3.6 Shields


You had 2 spell levels left.
You didn't know any spells.
Your spell library was empty.

Dungeon Overview and Level Annotations

Branches:
Dungeon (2/15)

Altars:

Shops:
D:1 *(:(

Annotations:
D:2 Terence


Innate Abilities, Weirdness & Mutations

You are immune to sickness and miasma.
Your stone body is resilient. (AC +3)
You are immune to poison.
You resist negative energy. (rN+)
You are resistant to electric shocks. (rElec)
You are resistant to unholy torment.
You are immune to petrification.


Message History

You barely miss Terence.
Terence is lightly wounded.
You block Terence's attack. Terence closely misses you.
You hit Terence.
Terence is moderately wounded.
You block Terence's attack.
You hit Terence but do no damage.
Terence is moderately wounded.
Terence looks scornfully at you. You block Terence's attack.
You hit Terence.
Terence is moderately wounded.
Terence zaps a wand.
The puff of flame misses you.
You hit Terence but do no damage.
Terence is moderately wounded.
Terence zaps a wand.
The puff of flame hits you.
You hit Terence but do no damage.
Terence is moderately wounded.
Terence hits you with a +0 hand axe.
You hit Terence but do no damage.
Terence is moderately wounded.
You block Terence's attack. Terence barely misses you.
You hit Terence.
Terence is heavily wounded.
Terence hits you but does no damage.
You hit Terence but do no damage.
Terence is heavily wounded.
Terence barely misses you.
You hit Terence.
Terence is severely wounded.
Terence zaps a wand.
The puff of flame hits you!
You hit Terence.
Terence is almost dead.
You block Terence's attack.
You hit Terence but do no damage.
Terence is almost dead.
Terence zaps a wand.
The puff of flame hits you.
* * * LOW HITPOINT WARNING * * *
Terence hits you with a +0 hand axe!
You die...

###### #..... #.#... ####
#..... ...#### ....#
#.#...#..............##
..@.#@# #.........
#..#@## #........
#..#.##...# ........
#....##.#.# ##....##
#..####...# ##.....##
#.#####.<#
#...###.......>
#........#
#..#.#.#..##.##
####..##.#
#..##.##.......
##.....####..##.##.###.##


You could see Terence (resistant).

Vanquished Creatures
  An adder (D:2)
  6 bats
  2 endoplasms (D:1)
  2 giant cockroaches (D:1)
  2 goblins (D:1)
  5 hobgoblins
  2 jackals (D:1)
  2 quokkas (D:1)
  A ball python (D:1)
  2 frilled lizards (D:1)
  4 kobolds (D:1)
  A rat (D:1)
30 creatures vanquished.

Notes
Turn   | Place    | Note
-------+----------+-------------------------------------------
     0 | D:1      | Spaninq the Gargoyle Fighter began the quest for the Orb.
     0 | D:1      | Reached XP level 1. HP: 14/14 MP: 1/1
    76 | D:1      | Reached XP level 2. HP: 13/19 MP: 2/2
   446 | D:1      | Found a faded altar of an unknown god.
   457 | D:1      | Found Fohaop's Book Boutique.
   612 | D:1      | Found Faikem's Assorted Antiques.
   621 | D:1      | Found Poyp's Weapon Shop.
   674 | D:1      | Found Boecaeq's Antique Weapon Shoppe.
   694 | D:1      | Reached XP level 3. HP: 21/23 MP: 3/3
  1017 | D:2      | Noticed Terence
  1041 | D:2      | Slain by Terence

Illustrated notes

Levels and vault maps discovered:
D:1:      minmay_arrival_hallway, layout_rooms, serial_shops,
          nicolae_shop_behind_doors, nicolae_shop_statue_plus,
          nicolae_shop_trees, shop, shapermc_ecumenical_altar_venn
D:2:      layout_loops_ring, uniq_robin, uniq_terence

Action                   || total
-------------------------++-------
Melee: Flail             ||   102
       Whip              ||    64
Armor: Scale mail        ||   106
Dodge: Dodged            ||    62
Block: Kite shield       ||   108
